 Dungeon Crawl Stone Soup version 0.26-a0-812-g31a745ddcd (webtiles) character file.

Game seed: 9922886034235931415

1444 Bvern the Digger (level 8, -1/48 HPs)
             Began as a Gargoyle Earth Elementalist on Nov 18, 2020.
             Was a Believer of Uskayaw.
             Shot with a bolt by an orc warrior (13 damage)
             ... in a bailey.
             The game lasted 01:03:41 (8035 turns).

Bvern the Digger (Gargoyle Earth Elementalist)      Turns: 8035, Time: 01:03:41

Health: -1/48      AC: 10    Str: 11    XL:     8   Next: 74%
Magic:  5/14       EV: 12    Int: 19    God:    Uskayaw [**....]
Gold:   342        SH:  5    Dex: 10    Spells: 5/16 levels left

rFire    + + .     SeeInvis +   E - +0 war axe
rCold    + . .     Faith    .   (no shield)
rNeg     + . .     Spirit   .   c - +0 robe
rPois    ∞         Reflect  +   h - +0 helmet
rElec    +         Harm     .   F - scarf {rC+ rF+}
rCorr    .         Rampage  .   j - +0 pair of gloves
MR       .....                  (no boots)
Stlth    ++........             w - amulet of reflection
HPRegen  0.16/turn              u - ring of protection from fire
MPRegen  0.14/turn              A - ring of see invisible

@: no status effects
A: negative energy resistance 1, electricity resistance, unbreathing,
petrification resistance, rot immunity, AC +5
a: Stomp, Line Pass, Renounce Religion


You were in a bailey.
You worshipped Uskayaw.
Uskayaw was noncommittal.
You visited 1 branch of the dungeon, and saw 7 of its levels.
You also visited: Bailey.

You collected 342 gold pieces.

Inventory:

Hand Weapons
 e - a +0 dagger
 p - a +0 hand axe
 E - a +0 war axe (weapon)
Missiles
 b - 148 stones (quivered)
 v - 80 bolts
Armour
 c - a +0 robe (worn)
 h - a +0 helmet (worn)
 j - a +0 pair of gloves (worn)
 F - a scarf of resistance (worn)
Jewellery
 u - a ring of protection from fire (left hand)
 w - an amulet of reflection (around neck)
 y - an uncursed ring of flight
 A - a ring of see invisible (right hand)
Wands
 l - a wand of iceblast (3)
 z - a wand of flame (21)
 C - a wand of paralysis (12)
Scrolls
 n - 4 scrolls of amnesia
 o - a scroll of magic mapping
 q - 5 scrolls of teleportation
 t - 3 scrolls of enchant armour
 x - a scroll of remove curse
 B - 2 scrolls of fear
 D - a scroll of immolation
 H - a scroll of fog
Potions
 a - 2 potions of flight {unknown}
 f - 2 potions of curing {unknown}
 g - a potion of might
 i - a potion of berserk rage
 k - 2 potions of haste {unknown}
 m - 2 potions of degeneration {unknown}
 r - 2 potions of attraction {unknown}
 s - 2 potions of heal wounds


   Skills:
 * Level 4.6 Fighting
 * Level 3.2 Axes
 * Level 4.7 Armour
 - Level 1.5 Dodging
 - Level 2.1 Stealth
 * Level 4.5 Spellcasting
 - Level 0.7 Transmutations
 * Level 6.5 Earth Magic
 * Level 3.7 Invocations


You had 5 spell levels left.
You knew the following spells:

 Your Spells              Type           Power        Failure   Level
a - Stone Arrow           Conj/Erth      ###...       11%         3
d - Lee's Rapid Deconstr  Erth           ####......   24%         5
p - Passwall              Tmut/Erth      ###.....     4%          2
s - Sandblast             Erth           ####..       1%          1

Your spell library contained the following spells:

 Spells                   Type           Power        Failure   Level
 Summon Small Mammal      Summ           #...         13%         1
 Call Imp                 Summ           #.......     21%         2
 Petrify                  Tmut/Erth      ###.....     28%         4
 Call Canine Familiar     Summ           #.......     36%         3
 Confusing Touch          Hex            #.......     36%         3
 Gell's Gravitas          Tloc           #.........   36%         3
 Summon Guardian Golem    Hex/Summ       #.......     36%         3
 Summon Ice Beast         Ice/Summ       #.......     78%         4
 Summon Lightning Spire   Summ/Air       #.......     78%         4
 Yara's Violent Unravell  Hex/Tmut       #.........   97%         5
 Metabolic Englaciation   Hex/Ice        #.........   98%         5


Dungeon Overview and Level Annotations

Branches:
Dungeon (7/15)             Temple (0/1) D:7          Bailey (1/1)

Altars:
Cheibriados
Nemelex Xobeh
Qazlal
Ru
Sif Muna
Trog
Uskayaw
Vehumet
Wu Jian


Innate Abilities, Weirdness & Mutations

You are resistant to torment.
Your stone body is resilient. (AC +5)
You are immune to poison.
You resist negative energy. (rN+)
You are resistant to electric shocks. (rElec)
You can survive without breathing.
You are immune to petrification.
You are immune to rotting.


Message History

You kill the orc warrior!
The iceblast engulfs the orc warrior!
The orc warrior is severely wounded.
The orc warrior shoots a bolt.
The bolt hits you.
The orc warrior shoots a bolt.
You reflect the bolt off an invisible shield around you!
The bolt barely misses the orc warrior.
The orc warrior shoots a bolt.
The bolt hits you.
* * * LOW HITPOINT WARNING * * *
You see here 2 bolts.
Aiming: Disintegrate
Press: ? - help, Shift-Dir - straight line, f - orc warrior
Aim: an orc warrior, wielding a +0 arbalest, wearing a cursed -1 ring mail and quivering 13 bolts (severely wounded, chance to defeat MR: 65%)
The orc warrior is blasted.
The now-empty wand crumbles to dust.
The orc warrior shoots a bolt.
You reflect the bolt off an invisible shield around you!
The bolt hits the orc warrior!!
You kill the orc warrior!
The orc warrior shoots a bolt.
The bolt hits you!
You die...

(............#
#.............#
#..............#
##....).........#
##...............# #
####....≈≈≈≈≈.......#
###......≈.#.#≈≈......#
.........≈#∩.##≈......#
......)..≈..^..≈@.....#
.......((≈##)##≈......#
........o≈≈#.#≈≈...(..#
..........≈≈≈≈≈.......#
..........(o.(........#
..............(.......#
...(..................#
...(..................#
......................#


You could see an orc warrior.

Vanquished Creatures
  4 orc warriors (Bailey)
  An ice beast (D:5)
  A phantom (D:5)
  A necrophage (D:6)
  2 ogres
  6 wights (D:6)
  A centaur skeleton (D:7)
  A jelly (D:6)
  An orc wizard (D:6)
  An iguana (D:7)
  2 worker ants
  9 adders
  2 gnolls
  2 ufetubi
  4 oozes
  3 worms
  2 dart slugs (D:1)
  3 leopard geckos
  15 orcs
  7 giant cockroaches
  3 goblins
  9 hobgoblins
  3 quokkas
  3 bats
  9 frilled lizards
  A jackal skeleton (D:4)
  10 kobolds
  4 rats
110 creatures vanquished.

Vanquished Creatures (others)
  A gnoll (D:3)
1 creature vanquished.

Grand Total: 111 creatures vanquished

Notes
Turn   | Place    | Note
-------+----------+-------------------------------------------
     0 | D:1      | Bvern the Gargoyle Earth Elementalist began the quest for
                  | the Orb.
     0 | D:1      | Reached XP level 1. HP: 10/10 MP: 3/3
   100 | D:1      | Reached XP level 2. HP: 9/16 MP: 0/5
   225 | D:1      | Learned a level 2 spell: Passwall
   465 | D:1      | Reached skill level 1 in Fighting
   517 | D:1      | Reached skill level 1 in Armour
   525 | D:1      | Reached skill level 4 in Earth Magic
   586 | D:1      | Reached XP level 3. HP: 20/20 MP: 3/6
   591 | D:1      | Learned a level 3 spell: Stone Arrow
  1720 | D:2      | Reached XP level 4. HP: 24/26 MP: 5/7
  2218 | D:2      | Found a sparkling altar of Nemelex Xobeh.
  2264 | D:3      | Found a radiant altar of Vehumet.
  2591 | D:3      | Reached XP level 5. HP: 30/30 MP: 7/9
  2841 | D:3      | Found a stormy altar of Qazlal.
  2969 | D:3      | Found an ornate altar of the Wu Jian Council.
  3946 | D:4      | Found a shimmering blue altar of Sif Muna.
  3946 | D:4      | Found a snail-covered altar of Cheibriados.
  3947 | D:4      | Found a sacrificial altar of Ru.
  4213 | D:5      | Entered Level 5 of the Dungeon
  4216 | D:5      | Noticed a phantom
  4282 | D:5      | Noticed an ice beast
  4612 | D:5      | Found a hide-covered altar of Uskayaw.
  4622 | D:5      | Became a worshipper of Uskayaw the Reveller
  4699 | D:5      | Reached * piety under Uskayaw
  4721 | D:5      | Reached ** piety under Uskayaw
  4724 | D:5      | Reached *** piety under Uskayaw
  4725 | D:5      | Killed a phantom
  4725 | D:5      | Reached skill level 1 in Axes
  4725 | D:5      | Reached skill level 5 in Earth Magic
  4725 | D:5      | Reached XP level 6. HP: 31/36 MP: 1/10
  4926 | D:5      | Reached skill level 1 in Invocations
  5126 | D:4      | Learned a level 5 spell: Lee's Rapid Deconstruction
  5140 | D:5      | Killed an ice beast
  5140 | D:5      | Reached XP level 7. HP: 41/41 MP: 1/12
  6462 | D:6      | Reached XP level 8. HP: 48/48 MP: 11/14
  6779 | D:6      | Reached skill level 6 in Earth Magic
  6869 | D:6      | Found a bloodstained altar of Trog.
  7355 | D:7      | Found a flagged portal.
  7374 | Bailey   | Entered a bailey
  8035 | Bailey   | Shot with a bolt by an orc warrior

Illustrated notes

Levels and vault maps discovered:
D:1:      nzn_arrival_crosshair, layout_basic, chequers_serial_rivers_large_b,
          hangedman_decor_clover_reticule, nrook_loot_triangle,
          skrybe_limestone_x, minmay_misc_feat_four_crosses
D:2:      layout_loops_ring, nemelex_xobeh_ov_fountains_minmay
D:3:      layout_basic, overflow_temple_1_default, fiery_altar_vehumet,
          nicolae_overflow_crystal_walls, solitary_fountain
D:4:      layout_loops_cross, gammafunk_temple_overflow_claw
D:5:      layout_loops_ring, overflow_temple_1_default
D:6:      layout_gridville, old_standard_altar
D:7:      layout_basic, lemuel_coloured_pillars_altar,
          yredelemnul_forgotten_temple_becter, zin_statuary,
          minmay_temple_entry_overgrown, enter_bailey_2, gammafunk_ghost_grave,
          uniq_duvessa
Bailey:   bailey_polearm_2, bailey

Skill      XL: |  1  2  3  4  5  6  7  8 |
---------------+-------------------------+-----
Fighting       | 1 2 3 4 |  4.6
Armour         | 1 2 3 4 |  4.7
Earth Magic    | 4 5 6 |  6.5
Spellcasting   | 3 4 |  4.5
Axes           | 1 2 3 |  3.2
Invocations    | 1 2 3 |  3.7
Dodging        | |  1.5
Stealth        | |  2.1
Transmutations | |  0.7

Action                   |  1- 3 |  4- 6 |  7- 9 || total
-------------------------+-------+-------+-------++-------
Melee: Unarmed           |    35 |       |       ||    35
       Dagger            |    57 |    32 |       ||    89
       Hand axe          |       |    67 |     8 ||    75
       War axe           |       |       |    54 ||    54
 Cast: Sandblast         |    28 |    63 |    20 ||   111
       Stone Arrow       |       |     8 |    26 ||    34
       Passwall          |       |     4 |       ||     4
       Lee's Rapid Decon |       |     1 |     4 ||     5
Evoke: Wand              |       |       |    12 ||    12
  Use: Scroll            |       |     8 |     6 ||    14
       Potion            |       |       |     2 ||     2
 Stab: Sleeping          |     4 |     3 |     1 ||     8
Armor: Robe              |    26 |    36 |    28 ||    90
Dodge: Dodged            |    59 |    80 |    58 ||   197
Block: Other             |       |     6 |    34 ||    40
       Reflection        |       |       |     9 ||     9

Table legend: (Time is in decaauts)
 A = Elapsed time spent in this place.
 B = Non-inter-level travel time spent in this place.
 C = Inter-level travel time spent in this place.
 D = Time resting spent in this place.
 E = Time spent auto-exploring this place.
 F = Levels seen in this place.
 G = Mean time per level.
                   A        B        C        D        E       F      G
               +--------+--------+--------+--------+--------+-----+--------+
         Total |   8100 |   7717 |    383 |   1736 |   4381 |   8 | 1012.5 |
       Dungeon |   7439 |   7056 |    383 |   1241 |   4381 |   7 | 1062.7 |
        Bailey |    660 |    660 |      0 |    495 |      0 |   1 |  660.0 |
               +--------+--------+--------+--------+--------+-----+--------+

Top non-repeatable levels by time:
     D:6: 1411 daAuts
     D:1: 1397 daAuts
     D:4: 1305 daAuts
     D:5: 1201 daAuts
     D:2: 1068 daAuts
     D:3: 928 daAuts
  Bailey: 660 daAuts
     D:7: 126 daAuts
